PAAA
CALGARY LYNX @ MILTON DOGFISH HEAD
05/21/2030
 
TOP OF THE 1ST
Calgary Lynx batting - Pitching for Milton Dogfish Head : RHP Danial Apodaca
Pitching: RHP Danial Apodaca
Batting: RHB Alan Bryan 0-0: Ball
1-0: SOLO HOME RUN (Line Drive, 7D), Distance : 408 ft
Batting: RHB Álex Estrada 0-0: Called Strike
0-1: DOUBLE (Line Drive, 7LD)
Batting: RHB Miguel Rosales 0-0: SINGLE (Line Drive, 78S)
Álex Estrada to third
Batting: RHB Jesús Martínez 0-0: Ball
1-0: Ball
2-0: Ball
3-0: Base on Balls
Miguel Rosales to second
Batting: LHB Francisco Santos 0-0: Ball
1-0: Ball
2-0: Foul Ball, location: 2F
2-1: Ball
3-1: Called Strike
3-2: Base on Balls
Álex Estrada scores
Miguel Rosales to third
Jesús Martínez to second
Batting: RHB Jing-sheng Joo 0-0: Ball
1-0: Swinging Strike
1-1: GRAND SLAM HOME RUN (Flyball, 9LD), Distance : 354 ft
Batting: RHB Tony Farquharson 0-0: Called Strike
0-1: Called Strike
0-2: Foul Ball, location: 2F
0-2: Ball
1-2: Foul Ball, location: 2F
1-2: Foul Ball, location: 2F
1-2: SINGLE (Groundball, 6MD)
Batting: RHB Mauro Pérez 0-0: Foul Ball, location: 2F
0-1: Foul Ball, location: 2F
0-2: Strikes out swinging
Batting: SHB Chavo Guerrero, Jr. 0-0: Ball
1-0: Called Strike
1-1: DOUBLE (Line Drive, 7LM)
Tony Farquharson to third
Batting: RHB Alan Bryan 0-0: SINGLE (Flyball, 8RS)
Tony Farquharson scores
Chavo Guerrero, Jr. to third
Runner from 3rd tries for Home, SAFE, no throw
Batting: RHB Álex Estrada 0-0: Called Strike
0-1: Fly out, F7 (Flyball, 7)
Batting: RHB Miguel Rosales 0-0: Called Strike
0-1: Foul Ball, location: 2F
0-2: Ball
1-2: Ball
2-2: Foul Ball, location: 2F
2-2: Foul Ball, location: 2F
2-2: Foul Ball, location: 2F
2-2: Ball
Alan Bryan steals 2nd base
3-2: SINGLE (Flyball, 7S) - OUT at second base trying to stretch hit.
Alan Bryan scores
Top of the 1st over - 9 runs, 8 hits, 0 errors, 0 left on base; Calgary 9 - Milton 0
BOTTOM OF THE 1ST
Milton Dogfish Head batting - Pitching for Calgary Lynx : RHP José Marroquín
Pitching: RHP José Marroquín
Batting: SHB Alejandro Castillo 0-0: Ball
1-0: Ball
2-0: Ball
3-0: Called Strike
3-1: Base on Balls
Batting: LHB Edward Woodstock 0-0: Ball
1-0: Ball
2-0: Ball
3-0: Base on Balls
Alejandro Castillo to second
Batting: LHB Munemori Ohara 0-0: Swinging Strike
0-1: Ball
1-1: Swinging Strike
1-2: Foul Ball, location: 2F
1-2: Ball
2-2: Hit by Pitch
Alejandro Castillo to third
Edward Woodstock to second
Batting: RHB Altifício Azor 0-0: Ball
1-0: Grounds into double play, 5-4-3 (Groundball, 56)
Alejandro Castillo scores
Edward Woodstock to third
Batting: RHB Miguel Montoya 0-0: Ground out 6-3 (Groundball, 56)
Bottom of the 1st over - 1 run, 0 hits, 0 errors, 1 left on base; Calgary 9 - Milton 1
TOP OF THE 2ND
Calgary Lynx batting - Pitching for Milton Dogfish Head : RHP Danial Apodaca
Batting: RHB Jesús Martínez 0-0: SINGLE (Flyball, 8RS)
Batting: LHB Francisco Santos 0-0: Called Strike
0-1: Ball
1-1: Ground out 6-3 (Groundball, 6MS)
Jesús Martínez to second
Batting: RHB Jing-sheng Joo 0-0: Ball
1-0: Called Strike
1-1: Ball
2-1: Ball
3-1: Foul Ball, location: 2F
3-2: Ground out 5-3 (Groundball, 5S)
Jesús Martínez to third
Batting: RHB Tony Farquharson 0-0: Ball
1-0: Ball
2-0: Ball
3-0: Base on Balls
Batting: RHB Mauro Pérez 0-0: Foul Ball, location: 2F
0-1: Ball
1-1: Foul Ball, location: 2F
1-2: Foul Ball, location: 2F
1-2: Foul Ball, location: 2F
1-2: Ball
2-2: SINGLE (Groundball, 56D)
Jesús Martínez scores
Tony Farquharson to second
Batting: SHB Chavo Guerrero, Jr. 0-0: Called Strike
0-1: Ball
1-1: Called Strike
1-2: Ball
2-2: Ground out 4-3 (Groundball, 4)
Top of the 2nd over - 1 run, 2 hits, 0 errors, 2 left on base; Calgary 10 - Milton 1
BOTTOM OF THE 2ND
Milton Dogfish Head batting - Pitching for Calgary Lynx : RHP José Marroquín
Batting: RHB Lorenzo Rosas 0-0: Ball
1-0: Called Strike
1-1: Called Strike
1-2: Ball
2-2: Fly out, F8 (Flyball, 8LM)
Batting: RHB Miguel Uribe 0-0: Ball
1-0: Foul Ball, location: 2F
1-1: Foul Ball, location: 2F
1-2: SINGLE (Groundball, 56S) (infield hit)
Batting: RHB Bill Tan 0-0: Called Strike
0-1: Called Strike
0-2: Ball
Miguel Uribe steals 2nd base
1-2: Strikes out swinging
Batting: SHB Enrique Costello 0-0: Ball
1-0: Called Strike
1-1: Ground out 4-3 (Groundball, 4D)
Bottom of the 2nd over - 0 runs, 1 hit, 0 errors, 1 left on base; Calgary 10 - Milton 1
TOP OF THE 3RD
Calgary Lynx batting - Pitching for Milton Dogfish Head : RHP Danial Apodaca
Batting: RHB Alan Bryan 0-0: Ball
1-0: Swinging Strike
1-1: Ball
2-1: Ball
3-1: Base on Balls
Batting: RHB Álex Estrada 0-0: SINGLE (Groundball, 4S) (infield hit)
Alan Bryan to second
Batting: RHB Miguel Rosales 0-0: Ball
1-0: Called Strike
1-1: SINGLE (Groundball, 56D)
Alan Bryan to third
Álex Estrada to second
Runner from 3rd tries for Home, throw and OUT!
Batting: RHB Jesús Martínez 0-0: Swinging Strike
0-1: SINGLE (Groundball, 34D)
Álex Estrada to third
Miguel Rosales to second
Runner from 3rd tries for Home, SAFE, no throw
Batting: LHB Francisco Santos 0-0: Grounds into double play, 4-6-3 (Groundball, 4)
Top of the 3rd over - 1 run, 3 hits, 0 errors, 1 left on base; Calgary 11 - Milton 1
BOTTOM OF THE 3RD
Milton Dogfish Head batting - Pitching for Calgary Lynx : RHP José Marroquín
Batting: SHB Alejandro Castillo 0-0: Called Strike
0-1: Ball
1-1: Ball
2-1: Foul Ball, location: 2F
2-2: Ground out 4-3 (Groundball, 4)
Batting: LHB Edward Woodstock 0-0: Fly out, F8 (Flyball, 8RS)
Batting: LHB Munemori Ohara 0-0: Called Strike
0-1: Foul Ball, location: 2F
0-2: Ball
1-2: Reached on error, E5 (Groundball, 5)
Batting: RHB Altifício Azor 0-0: Called Strike
0-1: Ball
1-1: Ball
2-1: Ball
3-1: Ground out 6-3 (Groundball, 6MD)
Bottom of the 3rd over - 0 runs, 0 hits, 1 error, 1 left on base; Calgary 11 - Milton 1
TOP OF THE 4TH
Calgary Lynx batting - Pitching for Milton Dogfish Head : RHP Danial Apodaca
Batting: RHB Jing-sheng Joo 0-0: Ground out U3 (Groundball, 3)
Batting: RHB Tony Farquharson 0-0: Ball
1-0: Called Strike
1-1: Foul Ball, location: 2F
1-2: Ball
2-2: Ball
3-2: Foul Ball, location: 2F
3-2: Base on Balls
Batting: RHB Mauro Pérez 0-0: Called Strike
0-1: Grounds into double play, 6-4-3 (Groundball, 6)
Top of the 4th over - 0 runs, 0 hits, 0 errors, 0 left on base; Calgary 11 - Milton 1
BOTTOM OF THE 4TH
Milton Dogfish Head batting - Pitching for Calgary Lynx : RHP José Marroquín
Batting: RHB Miguel Montoya 0-0: Ball
1-0: Swinging Strike
1-1: Fly out, F4 (Flyball, 34D)
Batting: RHB Lorenzo Rosas 0-0: Ball
1-0: Called Strike
1-1: Foul Ball, location: 2F
1-2: Ball
2-2: Ball
3-2: Ground out 6-3 (Groundball, 56)
Batting: RHB Miguel Uribe 0-0: Ground out U3 (Groundball, 3)
Bottom of the 4th over - 0 runs, 0 hits, 0 errors, 0 left on base; Calgary 11 - Milton 1
TOP OF THE 5TH
Calgary Lynx batting - Pitching for Milton Dogfish Head : RHP Danial Apodaca
Batting: SHB Chavo Guerrero, Jr. 0-0: Swinging Strike
0-1: Ball
1-1: Swinging Strike
1-2: Ball
2-2: Ground out 4-3 (Groundball, 4)
Batting: RHB Alan Bryan 0-0: Called Strike
0-1: Ground out 4-3 (Groundball, 34)
Batting: RHB Álex Estrada 0-0: Ground out 5-3 (Groundball, 56S)
Top of the 5th over - 0 runs, 0 hits, 0 errors, 0 left on base; Calgary 11 - Milton 1
BOTTOM OF THE 5TH
Milton Dogfish Head batting - Pitching for Calgary Lynx : RHP José Marroquín
Batting: RHB Bill Tan 0-0: Fly out, F9 (Flyball, 89M)
Batting: SHB Enrique Costello 0-0: Called Strike
0-1: Foul Ball, location: 2F
0-2: Fly out, F7 (Line Drive, 78M)
Batting: SHB Alejandro Castillo 0-0: Ball
1-0: Swinging Strike
1-1: Called Strike
1-2: Foul Ball, location: 2F
1-2: SINGLE (Groundball, 4MD)
Batting: LHB Edward Woodstock 0-0: Fly out, F4 (Flyball, 4MD)
Bottom of the 5th over - 0 runs, 1 hit, 0 errors, 1 left on base; Calgary 11 - Milton 1
TOP OF THE 6TH
Calgary Lynx batting - Pitching for Milton Dogfish Head : RHP Danial Apodaca
Batting: RHB Miguel Rosales 0-0: Ball
1-0: Swinging Strike
1-1: Called Strike
1-2: Ball
2-2: DOUBLE (Flyball, 89D)
Pitching: LHP Octávio Fernández
Pinch Runner at 2nd Lowell Moon:
Batting: RHB Jesús Martínez 0-0: Ball
1-0: Ball
2-0: Fly out, F7 (Flyball, 78M)
Batting: LHB Francisco Santos 0-0: Called Strike
0-1: Called Strike
0-2: Ground out 1-3 (Groundball, 13)
Lowell Moon to third
Batting: RHB Jing-sheng Joo 0-0: SINGLE (Flyball, 9S)
Lowell Moon scores
Batting: RHB Tony Farquharson 0-0: Called Strike
0-1: Swinging Strike
0-2: Strikes out looking
Top of the 6th over - 1 run, 2 hits, 0 errors, 1 left on base; Calgary 12 - Milton 1
BOTTOM OF THE 6TH
Milton Dogfish Head batting - Pitching for Calgary Lynx : RHP José Marroquín
Now in RF: Lowell Moon
Batting: LHB Munemori Ohara 0-0: Ground out 6-3 (Groundball, 6)
Batting: RHB Altifício Azor 0-0: Swinging Strike
0-1: Ball
1-1: Foul Ball, location: 2F
1-2: Foul Ball, location: 2F
1-2: Ball
2-2: Ball
3-2: Foul Ball, location: 2F
3-2: Strikes out swinging
Batting: RHB Miguel Montoya 0-0: Foul Ball, location: 2F
0-1: Swinging Strike
0-2: SINGLE (Groundball, 5S) (infield hit)
Batting: RHB Lorenzo Rosas 0-0: Called Strike
Miguel Montoya steals 2nd base
0-1: Ground out 1-3 (Groundball, 15)
Bottom of the 6th over - 0 runs, 1 hit, 0 errors, 1 left on base; Calgary 12 - Milton 1
TOP OF THE 7TH
Calgary Lynx batting - Pitching for Milton Dogfish Head : LHP Octávio Fernández
Batting: RHB Mauro Pérez 0-0: Fly out, F6 (Line Drive, 6M)
Batting: SHB Chavo Guerrero, Jr. 0-0: Called Strike
0-1: Called Strike
0-2: Strikes out swinging
Batting: RHB Alan Bryan 0-0: Called Strike
0-1: SINGLE (Groundball, 15S) (infield hit)
Batting: RHB Álex Estrada 0-0: Ball
1-0: Foul Ball, location: 2F
1-1: DOUBLE (Line Drive, 7D)
Alan Bryan to third
Runner from 3rd tries for Home, SAFE, no throw
Batting: SHB Lowell Moon 0-0: Swinging Strike
0-1: Swinging Strike
0-2: Foul Ball, location: 2F
0-2: Ball
1-2: Strikes out swinging
Top of the 7th over - 1 run, 2 hits, 0 errors, 1 left on base; Calgary 13 - Milton 1
BOTTOM OF THE 7TH
Milton Dogfish Head batting - Pitching for Calgary Lynx : RHP José Marroquín
Batting: RHB Miguel Uribe 0-0: Ball
1-0: Foul Ball, location: 2F
1-1: Called Strike
1-2: Strikes out looking
Batting: RHB Bill Tan 0-0: Ball
1-0: Called Strike
1-1: Ball
2-1: Foul Ball, location: 2F
2-2: SINGLE (Line Drive, 9S)
Batting: SHB Enrique Costello 0-0: Ball
Bill Tan steals 2nd base
1-0: Reached on error, E3 (Groundball, 3)
Bill Tan to third
Batting: SHB Alejandro Castillo 0-0: Called Strike
0-1: Swinging Strike
0-2: Ball
1-2: Strikes out looking
Batting: LHB Edward Woodstock 0-0: Swinging Strike
0-1: Ball
1-1: Foul Ball, location: 2F
1-2: Foul Ball, location: 2F
1-2: Foul Ball, location: 2F
1-2: Ground out 4-3 (Groundball, 4)
Bottom of the 7th over - 0 runs, 1 hit, 1 error, 2 left on base; Calgary 13 - Milton 1
TOP OF THE 8TH
Calgary Lynx batting - Pitching for Milton Dogfish Head : LHP Octávio Fernández
Batting: RHB Jesús Martínez 0-0: Ball
1-0: Ball
2-0: Called Strike
2-1: Ball
3-1: Swinging Strike
3-2: Strikes out looking
Batting: LHB Francisco Santos 0-0: Ball
1-0: Ground out 5-3 (Groundball, 2L)
Batting: RHB Jing-sheng Joo 0-0: SINGLE (Groundball, 6MD)
Batting: RHB Tony Farquharson 0-0: Called Strike
Jing-sheng Joo steals 2nd base
0-1: Foul Ball, location: 2F
0-2: Ball
1-2: SINGLE (Line Drive, 5D)
Jing-sheng Joo to third
Runner from 3rd tries for Home, SAFE, no throw
Batting: RHB Mauro Pérez 0-0: SINGLE (Groundball, 6MD)
Tony Farquharson to second
Batting: SHB Chavo Guerrero, Jr. 0-0: Ball
1-0: Swinging Strike
1-1: Swinging Strike
1-2: SINGLE (Groundball, 6MD)
Tony Farquharson to third
Mauro Pérez to second
Batting: RHB Alan Bryan 0-0: Foul Ball, location: 2F
0-1: Ball
1-1: Foul Ball, location: 2F
1-2: Ball
2-2: Foul Ball, location: 2F
2-2: Ball
3-2: Base on Balls
Tony Farquharson scores
Mauro Pérez to third
Chavo Guerrero, Jr. to second
Batting: RHB Álex Estrada 0-0: Swinging Strike
0-1: Called Strike
0-2: Foul Ball, location: 2F
0-2: Ball
1-2: Ball
2-2: GRAND SLAM HOME RUN (Flyball, 89XD), Distance : 402 ft
Batting: SHB Lowell Moon 0-0: Called Strike
0-1: Foul Ball, location: 2F
0-2: Strikes out swinging
Top of the 8th over - 6 runs, 5 hits, 0 errors, 0 left on base; Calgary 19 - Milton 1
BOTTOM OF THE 8TH
Milton Dogfish Head batting - Pitching for Calgary Lynx : RHP José Marroquín
Pitching: RHP Bartolo Ruíz
Batting: LHB Munemori Ohara 0-0: Ball
1-0: Reached on error, E6 (Line Drive, 6)
Batting: RHB Altifício Azor 0-0: Ball
1-0: Foul Ball, location: 2F
1-1: Called Strike
1-2: Grounds into double play, 1-4-3 (Groundball, 15S)
Batting: RHB Miguel Montoya 0-0: Ball
1-0: Ball
2-0: SINGLE (Line Drive, 56)
Batting: RHB Lorenzo Rosas 0-0: Foul Ball, location: 2F
0-1: Foul Ball, location: 2F
0-2: Ball
1-2: 2-RUN HOME RUN (Flyball, 7LD), Distance : 363 ft
Batting: RHB Miguel Uribe 0-0: Ball
1-0: Ball
2-0: Ground out 5-3 (Groundball, 56)
Bottom of the 8th over - 2 runs, 2 hits, 1 error, 0 left on base; Calgary 19 - Milton 3
TOP OF THE 9TH
Calgary Lynx batting - Pitching for Milton Dogfish Head : LHP Octávio Fernández
Batting: RHB Jesús Martínez 0-0: Fly out, F7 (Flyball, 78M)
Batting: LHB Francisco Santos 0-0: Ground out 4-3 (Groundball, 4)
Batting: RHB Jing-sheng Joo 0-0: Called Strike
0-1: Ball
1-1: Ball
2-1: Ball
3-1: Ground out 4-3 (Groundball, 4)
Top of the 9th over - 0 runs, 0 hits, 0 errors, 0 left on base; Calgary 19 - Milton 3
BOTTOM OF THE 9TH
Milton Dogfish Head batting - Pitching for Calgary Lynx : RHP Bartolo Ruíz
Now at 3B: Bass Reeves
Batting: RHB Bill Tan 0-0: Called Strike
0-1: Ball
1-1: Ball
2-1: Ball
3-1: DOUBLE (Flyball, 89D)
Pinch Hitting: LHB Sergio Muñóz 0-0: Called Strike
0-1: Called Strike
0-2: Fly out, F8 (Flyball, 8LD)
Batting: SHB Alejandro Castillo 0-0: Ball
1-0: Ball
Passed Ball!
Bill Tan to third
2-0: Ball
3-0: Base on Balls
Batting: LHB Edward Woodstock 0-0: Ball
1-0: Foul Ball, location: 2F
1-1: Foul Ball, location: 2F
1-2: Ball
2-2: Strikes out swinging
Batting: LHB Munemori Ohara 0-0: Ball
1-0: Foul Ball, location: 2F
1-1: Called Strike
1-2: Fielders Choice at 2nd, 5-4 (Groundball, 5)
Bottom of the 9th over - 0 runs, 1 hit, 0 errors, 2 left on base; Calgary 19 - Milton 3
Sunday, March 18th, 2018 - OOTP Baseball 18.8 Build 76